 Dungeon Crawl Stone Soup version 0.28-a0-1236-gb25a51b929 (webtiles) character file.

Game seed: 12145801786736791512

724 funkygono the Magician (level 7, -6/51 HPs)
             Began as a White Draconian Fire Elementalist on Dec 25, 2021.
             Was an Initiate of Vehumet.
             Mangled by a wyvern (12 damage)
             ... on level 5 of the Dungeon.
             The game lasted 00:08:53 (4934 turns).

funkygono the Magician (DrFE)                       Turns: 4934, Time: 00:08:54

Health: -6/51      AC:  6    Str: 10    XL:     7   Next: 43%
Magic:  13/14      EV: 12    Int: 23    God:    Vehumet [......]
Gold:   152        SH:  0    Dex: 12    Spells: 6/16 levels left

rFire   . . .      SeeInvis .   d - +0 whip (venom)
rCold   + . .      Faith    .   (no shield)
rNeg    . . .      Spirit   .   (armour unavailable)
rPois   .          Reflect  .   (helmet restricted)
rElec   .          Harm     .   (no cloak)
rCorr   .          Rampage  .   (no gloves)
Will    .....                   (no boots)
Stlth   ++........              a - amulet of regeneration
HPRegen 0.97/turn               k - +6 ring of intelligence
MPRegen 0.14/turn               (no ring)

@: no status effects
A: breathe frost, AC +6, unfitting armour, cold resistance 1, cold-blooded
a: Breathe Frost, Renounce Religion


You were on level 5 of the Dungeon.
You worshipped Vehumet.
Vehumet was noncommittal.
You visited 2 branches of the dungeon, and saw 6 of its levels.

You collected 152 gold pieces.

Inventory:

Hand Weapons
 b - a +0 mace
 d - a +0 whip of venom (weapon)
 q - a +0 morningstar
Missiles
 e - 52 stones
Armour
 p - a +0 pair of gloves
Magical Staves
 h - a staff of death
Jewellery
 a - an amulet of regeneration (around neck)
 k - a +6 ring of intelligence (left hand)
Wands
 i - a wand of acid (8)
Scrolls
 c - a scroll of magic mapping
 j - 3 scrolls of amnesia
Potions
 f - a potion of curing
 g - a potion of heal wounds
 m - a potion of berserk rage
 n - a potion of invisibility {unknown}
 o - 2 potions of lignification
 r - a potion of attraction {unknown}


   Skills:
 + Level 0.6 Fighting
 + Level 0.6 Maces & Flails
 + Level 2.1 Dodging
 - Level 1.7 Stealth
 * Level 5.0 Spellcasting
 * Level 3.8 Conjurations
 * Level 4.6 Fire Magic


You had 6 spell levels left.
You knew the following spells:

 Your Spells              Type           Power      Damage    Failure   Level
a - Foxfire               Conj/Fire      100%       2x1d9     1%          1
b - Scorch                Fire           54%        2d7       1%          2
c - Conjure Flame         Conj/Fire      25%        6-21      4%          3
d - Flame Wave            Conj/Fire      25%        2d6       16%         4

Your spell library contained the following spells:

 Spells                   Type           Power      Damage    Failure   Level
 Beastly Appendage        Tmut           10%        N/A       10%         1
 Inner Flame              Hex/Fire       16%        N/A       11%         3
 Dazzling Flash           Conj/Hex       28%        N/A       13%         3
 Wereblood                Tmut           5%         N/A       14%         2
 Spider Form              Tmut/Pois      5%         N/A       28%         3
 Iskenderun's Mystic Bla  Conj/Tloc      14%        2d5       38%         4
 Fireball                 Conj/Fire      12%        3d7       41%         5
 Starburst                Conj/Fire      12%        6d5       94%         6
 Ignition                 Fire           13%        3d6       100%        8


Dungeon Overview and Level Annotations

Branches:
Dungeon (5/15)             Temple (1/1) D:4

Altars:
Ashenzari
Dithmenos
Gozag
Hepliaklqana
Kikubaaqudgha
Makhleb
Nemelex Xobeh
Okawaru
Qazlal
Trog
Uskayaw
Vehumet
Xom
Zin

Shops:
D:4 [


Innate Abilities, Weirdness & Mutations

You can breathe waves of freezing cold which knock back foes.
Your icy white scales are hard. (AC +6)
You cannot fit into any form of body armour.
Your flesh is cold resistant. (rC+)
You are cold-blooded and may be slowed by cold attacks.


Message History

You hit the adder but do no damage.
The adder is poisoned.
The adder closely misses you. The hound bites you.
You hit the adder.
The adder looks as sick as possible!
The adder is severely wounded.
The hound bites you but does no damage. The adder misses you.
The hound bites you. The adder bites you but does no damage.
You closely miss the hound.
The hound is moderately wounded.
The hound barely misses you. The adder completely misses you.
You hit the hound.
The hound is poisoned.
The hound is heavily wounded.
The hound closely misses you. The adder bites you.
You are poisoned.
The adder poisons you! The hound bites you but does no damage.
You closely miss the hound.
The hound is heavily wounded.
You feel sick.
You kill the adder!
Vehumet accepts your kill. The hound barely misses you. The wyvern bites you.
You hit the wyvern but do no damage.
The wyvern is poisoned.
You feel sick. The hound bites you. The wyvern closely misses you.
The hound barely misses you. The wyvern closely misses you.
You hit the wyvern.
The wyvern looks even sicker.
You tail-slap the wyvern, but do no damage.
The wyvern is moderately wounded.
You feel sick. The hound bites you.
* * * LOW HITPOINT WARNING * * *
The wyvern completely misses you. The hound bites you but does no damage.
The wyvern bites you.
* * * LOW HITPOINT WARNING * * *
You feel better. The hound bites you.
* * * LOW HITPOINT WARNING * * *
The wyvern bites you!
* * * LOW HITPOINT WARNING * * *
Unknown command.
Casting: Foxfire (safe; 1% risk of failure)
Confirm with . or Enter, or press ? or * to list all spells.
You conjure some foxfire!
The hound misses you. The wyvern bites you!
You die...

........... ..#
......#.#.#>..#
......#.#.#...#
......#...>...#
...........#
#........#
#..<...#
##.v....#
#l@.....#
#.....hv.!...#
...#.##......#
# .. #......#
..# ##.....# .
##....# #...∩.
...##


You could see a wyvern (very poisoned, ally target) and a hound (very poisoned,
ally target).

Vanquished Creatures
  Edmund (D:4)
  Duvessa (D:4)
  2 ogres (D:4)
  A centaur (D:5)
  Dowan (D:4)
  A water moccasin skeleton (D:4)
  Terence (D:3)
  A gnoll (D:1)
  6 adders
  2 worms (D:2)
  3 dart slugs
  6 orcs
  5 endoplasms
  3 goblins
  6 hobgoblins
  4 jackals (D:1)
  7 kobolds
  4 quokkas
  7 ball pythons
  4 bats
  3 frilled lizards
  2 rats (D:1)
71 creatures vanquished.

Vanquished Creatures (others)
  231 foxfires
231 creatures vanquished.

Grand Total: 302 creatures vanquished

Notes
Turn   | Place    | Note
-------+----------+-------------------------------------------
     0 | D:1      | funkygono the Draconian Fire Elementalist began the quest
                  | for the Orb.
     0 | D:1      | Reached XP level 1. HP: 14/14 MP: 3/3
   423 | D:1      | Reached XP level 2. HP: 20/20 MP: 1/5
   426 | D:1      | Learned a level 2 spell: Scorch
  1424 | D:2      | Reached XP level 3. HP: 26/26 MP: 3/6
  1460 | D:2      | Learned a level 3 spell: Conjure Flame
  2193 | D:2      | Reached skill level 3 in Spellcasting
  2193 | D:2      | Reached XP level 4. HP: 33/33 MP: 5/8
  2289 | D:2      | Found a faded altar of an unknown god.
  3010 | D:3      | Noticed Terence
  3042 | D:3      | Killed Terence
  3336 | D:3      | Reached XP level 5. HP: 38/38 MP: 1/9
  3341 | D:3      | Learned a level 4 spell: Flame Wave
  3624 | D:4      | Noticed an ogre
  3626 | D:4      | Killed an ogre
  3703 | D:4      | Reached XP level 6. HP: 45/45 MP: 6/11
  3882 | D:4      | Found Zitimau's Antique Armour Boutique.
  3914 | D:4      | Noticed Edmund
  3922 | D:4      | Killed Edmund
  3923 | D:4      | Reached skill level 4 in Spellcasting
  3996 | D:4      | Found a staircase to the Ecumenical Temple.
  4008 | Temple   | Entered the Ecumenical Temple
  4046 | Temple   | Became a worshipper of Vehumet
  4299 | D:4      | Noticed Duvessa
  4299 | D:4      | Noticed Dowan
  4337 | D:4      | Killed Duvessa
  4338 | D:4      | Reached skill level 5 in Fire Magic
  4391 | D:4      | Killed Dowan
  4392 | D:4      | Your scales start taking on an icy white colour.
  4392 | D:4      | Reached XP level 7. HP: 13/51 MP: 2/13
  4392 | D:4      | Gained mutation: Your flesh is cold resistant. (rC+) [White
                  | Draconian growth]
  4913 | D:5      | Entered Level 5 of the Dungeon
  4918 | D:5      | Noticed a wyvern
  4921 | D:5      | Reached skill level 5 in Spellcasting
  4934 | D:5      | Mangled by a wyvern

Illustrated notes

Levels and vault maps discovered:
D:1:      psy_arrival_whirlpool, layout_loops_ring, minivault_14,
          bh_walls_and_bars
D:2:      layout_loops_ring, chequers_ecumenical_altar_simple
D:3:      layout_loops_cross, kennysheep_generic_room_12, uniq_terence
D:4:      layout_basic, minmay_temple_entry_mist, serial_shops,
          nicolae_shop_stone, uniq_edmund, uniq_duvessa
D:5:      layout_rooms, chequers_ossuary_entry_cave
Temple:   eino_temple_lava

Skill      XL: |  1  2  3  4  5  6  7 |
---------------+----------------------+-----
Spellcasting   | 3 4 5 |  5.0
Fire Magic     | 4 4 |  4.6
Conjurations   | 2 3 |  3.8
Dodging        | 2 |  2.1
Fighting       | |  0.6
Maces & Flails | |  0.6
Stealth        | |  1.7

Action                   |  1- 3 |  4- 6 |  7- 9 || total
-------------------------+-------+-------+-------++-------
Melee: Unarmed           |     4 |       |       ||     4
       Mace              |     2 |       |       ||     2
       Whip              |    13 |    32 |    17 ||    62
       Tailslap          |     2 |     1 |     4 ||     7
 Cast: Foxfire           |    60 |    75 |     9 ||   144
       Scorch            |       |     8 |     2 ||    10
       Conjure Flame     |       |     1 |       ||     1
  Use: Scroll            |     1 |     3 |     2 ||     6
       Potion            |       |       |     1 ||     1
 Stab: Sleeping          |       |     1 |       ||     1
Armor: Skin              |    20 |    10 |    15 ||    45
Dodge: Dodged            |    36 |    26 |    23 ||    85

Table legend: (Time is in decaauts)
 A = Elapsed time spent in this place.
 B = Non-inter-level travel time spent in this place.
 C = Inter-level travel time spent in this place.
 D = Time resting spent in this place.
 E = Time spent auto-exploring this place.
 F = Levels seen in this place.
 G = Mean time per level.
                   A        B        C        D        E       F      G
               +--------+--------+--------+--------+--------+-----+--------+
         Total |   4942 |   4792 |    150 |      0 |   3966 |   6 |  823.7 |
       Dungeon |   4872 |   4733 |    139 |      0 |   3916 |   5 |  974.4 |
        Temple |     69 |     59 |     10 |      0 |     50 |   1 |   69.0 |
               +--------+--------+--------+--------+--------+-----+--------+

Top non-repeatable levels by time:
     D:1: 1422 daAuts
     D:4: 1263 daAuts
     D:3: 1159 daAuts
     D:2: 1005 daAuts
  Temple: 69 daAuts
     D:5: 21 daAuts
